 Dungeon Crawl Stone Soup version 0.18.1-48-g4cf74bf (webtiles) character file.

38051 tyranidshit the Fighter (level 13, -4/130 HPs)
             Began as a Deep Dwarf Necromancer on July 13, 2016.
             Was the Champion of Makhleb.
             Slain by a troll (11 damage)
             ... on level 12 of the Dungeon.
             The game lasted 02:32:09 (16149 turns).

tyranidshit the Fighter (Deep Dwarf Necromancer)   Turns: 16149, Time: 02:32:11

Health: -4/130     AC: 10    Str: 13 (16) XL:     13   Next: 61%
Magic:  3/27       EV: 21    Int: 17 (19) God:    Makhleb [******]
Gold:   186        SH:  0    Dex: 17      Spells: 6 memorised, 17 levels left

rFire  . . .     SeeInvis .     G - +1 quarterstaff of Ashenzari's Approval {freeze, rC+ Dex+6}
rCold  + . .     Gourm    .     D - +0 robe {rN+}
rNeg   + + .     Faith    .     (shield currently unavailable)
rPois  .         Spirit   .     H - +0 helmet
rElec  +         Dismiss  .     F - +2 cloak
rCorr  .         Reflect  .     A - +2 pair of gloves
SustAt .         Harm     .     E - +0 pair of boots {Fly}
MR     +....                    N - amulet "Adanyv" {+Rage rElec rN+ MP+9}
Stlth  ++........               y - +2 ring of strength
                                K - +5 ring of evasion

@: non-regenerating, studying Maces & Flails, somewhat resistant to hostile
enchantments, unstealthy
A: damage resistance, recharge devices, hooves 1, clumsy 1, deterioration 1,
sense surroundings 2, slow regeneration 3, subdued magic 1
a: Device Recharging, Minor Destruction, Lesser Servant of Makhleb, Major
Destruction, Greater Servant of Makhleb, Renounce Religion, Evoke Berserk Rage,
Evoke Flight


You were on level 12 of the Dungeon.
You worshipped Makhleb.
Makhleb was exalted by your worship.
You were not hungry.

You visited 4 branches of the dungeon, and saw 22 of its levels.
You also visited: Sewer.

You collected 2056 gold pieces.
You spent 1870 gold pieces at shops.

Inventory:

Hand Weapons
 G - the +1 quarterstaff of Ashenzari's Approval (weapon) {freeze, rC+ Dex+6}
   (You found it on level 2 of the Lair of Beasts)

   It has been specially enchanted to freeze those struck by it, causing extra
   injury to most foes and up to half again as much damage against particularly
   susceptible opponents.
   It can also slow down cold-blooded creatures.
   It affects your dexterity (+6).
   It protects you from cold.
 L - a +2 dire flail of protection
 O - a +2 mace of protection
Missiles
 r - 29 poisoned needles
Armour
 z - a +0 buckler
 A - a +2 pair of gloves (worn)
 D - a +0 robe of positive energy (worn)
 E - a +0 pair of boots of flying (worn)
 F - a +2 cloak (worn)
 H - a +0 helmet (worn)
 W - the +1 plate armour of the Accordion {+Inv Str+5 Int-5 Dex+2}
   (You acquired it on level 6 of the Lair of Beasts)

   It affects your strength (+5).
   It affects your intelligence (-5).
   It affects your dexterity (+2).
   It lets you turn invisible.
Magical Staves
 Q - an uncursed staff of power
Jewellery
 a - an uncursed ring of protection from magic
 y - a +2 ring of strength (right hand)
 K - a +5 ring of evasion (left hand)
 N - the amulet "Adanyv" (around neck) {+Rage rElec rN+ MP+9}
   (You bought it in a shop on level 2 of the Orcish Mines)

   [amulet of rage]

   It insulates you from electricity.
   It protects you from negative energy.
   It affects your magic capacity (+9).
   It lets you go berserk.
Wands
 c - a wand of heal wounds (0/9)
 e - a wand of digging (13/24)
 f - a wand of polymorph (9/24)
 h - a wand of lightning (3/15)
 k - a wand of iceblast (8/15)
 x - a wand of slowing (25/48)
 S - a wand of disintegration (0/24)
 T - a wand of teleportation (0/9)
Scrolls
 b - 3 scrolls of identify
 i - a scroll of fog
 l - 3 scrolls of immolation
 o - 2 scrolls of teleportation
 p - 14 scrolls of remove curse
 u - 2 scrolls of noise
 w - 8 scrolls of amnesia
 U - a scroll of vulnerability
 V - a scroll of magic mapping
Potions
 g - 2 potions of invisibility
 q - a potion of cancellation
 t - a potion of ambrosia
 B - 2 potions of agility
 J - 2 potions of curing
 M - a potion of flight
 R - 5 potions of berserk rage
Books
 d - a manual of Maces & Flails
 v - a book of Changes

   Spells                             Type                      Level
   a - Beastly Appendage              Transmutation                1
   b - Sticks to Snakes               Transmutation                2
   c - Spider Form                    Transmutation/Poison         3
   d - Ice Form                       Ice/Transmutation            4
   e - Blade Hands                    Transmutation                5
 C - a book of Beasts

   Spells                             Type                      Level
   a - Summon Butterflies             Summoning                    1
   b - Call Canine Familiar           Summoning                    3
   c - Summon Ice Beast               Ice/Summoning                4
   d - Summon Mana Viper              Hexes/Summoning              5
   e - Summon Hydra                   Summoning                    7
 Y - a book of the Warp

   Spells                             Type                      Level
   a - Recall                         Summoning/Translocation      3
   b - Gell's Gravitas                Hexes/Translocation          3
   c - Force Lance                    Conjuration/Translocation    4
   d - Warp Weapon                    Charms/Translocation         5
   e - Summon Forest                  Summoning/Translocation      5
Miscellaneous
 n - a plain deck of changes
 I - a lamp of fire
 X - a legendary deck of wonders {Focus}
Comestibles
 j - 5 meat rations
 m - 5 slices of pizza
 s - 3 beef jerkies
 P - 2 royal jellies


   Skills:
 + Level 12.5 Fighting
 - Level 2.0 Maces & Flails
 - Level 6.4 Dodging
 - Level 2.4 Stealth
 - Level 1.3 Shields
 + Level 10.6 Spellcasting
 - Level 10.4 Necromancy
 - Level 11.2 Invocations
 - Level 8.0 Evocations


You had 17 spell levels left.
You knew the following spells:

 Your Spells              Type           Power        Failure   Level  Hunger
a - Pain                  Necr           ####         1%          1    None
b - Vampiric Draining     Necr           ####......   1%          3    None
c - Recall                Summ/Tloc      N/A          21%         3    None
d - Animate Dead          Necr           N/A          1%          4    ###....
e - Control Undead        Necr           ####......   1%          4    ###....
f - Beastly Appendage     Trmt           #.....       8%          1    None


Dungeon Overview and Level Annotations

Branches:
Dungeon (12/15)            Temple (1/1) D:4            Lair (7/8) D:11
 Shoals (0/4) Lair:5       Spider (0/4) Lair:5          Orc (2/2) D:10
    Elf (0/3) Orc:2
  Slime: Lair:6-8

Altars:
Ashenzari
Cheibriados
Dithmenos
Elyvilon
Fedhas
Gozag
Kikubaaqudgha
Makhleb
Nemelex Xobeh
Okawaru
Pakellas
Qazlal
Ru
Sif Muna
Trog
Vehumet
Xom
Yredelemnul
Zin
The Shining One
Beogh

Shops:
D:8 *   D:10 }   D:11 %   Orc:1 !   Orc:2 =:=!

Portals:
Trove: D:10 (give 5 scrolls of blinking)

Annotations:
D:8 Erica, Erolcha


Innate Abilities, Weirdness & Mutations

You are resistant to damage.
You can recharge devices by infusing magical energy.
You passively map the area around you.
You do not regenerate naturally.
You have large cloven feet.
You are clumsy. (Dex -2)
Your body sometimes deteriorates upon taking damage.
Your spells are a little easier to cast, but a little less powerful.


Message History

The centaur warrior shouts!
The troll closely misses you. The troll claws you.
The troll closely misses you.
The two-headed ogre completely misses you.
The two-headed ogre barely misses you.
The centaur warrior wields a shortbow.
The centaur warrior shoots an arrow.
The arrow hits you!
* * * LOW HITPOINT WARNING * * *
You see here an arrow.
You hit the troll but do no damage.
The troll is moderately wounded.
The centaur warrior shoots an arrow.
The arrow hits you!!
* * * LOW HITPOINT WARNING * * *
The two-headed ogre completely misses you. x2
The troll completely misses you. The troll claws you!
* * * LOW HITPOINT WARNING * * *
The troll claws you.
* * * LOW HITPOINT WARNING * * *
The troll bites you!
You die...

* ** #.# * * ,,, , , , ... , ,
,, , ,,..., #*.# * ** * , ,, ,
* #c# .## .. ,,,, , #.# .##.#.
, * #.##.##.#.####* * #.,,##
###.#...#....... ,, #..##.##
#.JO........... , ,
#..<...####.#T@T.....)..#######
#..........#####.#.##.........
*#..#J#####.# # *#..#######
*... ...* #.# #..# . #..#.* #.#
* #..# ,*#..#J #.# ##..#######
* #.,#J #.# #.......... . #.
#.#########...####### ## ..
#.............# *..


You could see a slime creature, a centaur warrior, 2 trolls and a two-headed
ogre.

Vanquished Creatures
  A hydra (Lair:4)
  A death yak (Lair:4)
  4 orc high priests (Orc:2)
  An orc knight (Orc:2)
  A lindwurm (Lair:5)
  2 hill giants
  Pikel (D:7)
  2 orc sorcerers
  2 cyclopes
  An ugly thing (D:11)
  2 black mambas
  A manticore (D:11)
  7 spiny frogs
  3 rime drakes
  3 komodo dragons
  A guardian mummy (D:10)
  3 trolls
  2 two-headed ogres
  Grinder (D:6)
  2 blink frogs (Lair:6)
  A shadow (D:9)
  8 spriggans (Lair:3)
  A human (D:7)
  21 yaks
  5 hippogriffs
  A hungry ghost (D:10)
  Edmund (D:6)
  2 wargs (Orc:2)
  7 water moccasins
  6 porcupines
  2 hell hounds (D:11)
  12 orc warriors
  A swamp drake (D:10)
  3 ice beasts
  5 sky beasts
  A necrophage (D:7)
  12 ogres
  2 phantoms
  3 wolves
  5 centaurs
  13 crocodiles
  15 giant frogs
  3 wyvern skeletons
  5 scorpions
  4 killer bees (D:10)
  2 howler monkeys
  6 crimson imps
  A giant frog zombie (D:5)
  2 jellies
  4 hounds
  A gnoll shaman (D:5)
  2 giant frog skeletons
  2 centaur skeletons
  19 orc priests
  8 iguanas
  6 worker ants
  24 orc wizards
  9 sheep
  3 hound skeletons
  3 worker ant zombies
  A howler monkey skeleton (D:5)
  17 river rats
  10 adders
  2 shadow imps
  2 oozes
  An adder skeleton (D:9)
  An adder zombie (D:7)
  2 worms
  3 dart slugs (D:1)
  8 giant geckos
  58 orcs
  3 ball pythons
  9 giant cockroaches
  8 goblins
  3 hobgoblins
  24 jackals
  5 kobolds
  5 quokkas
  A ball python zombie (D:5)
  13 bats
  2 giant newts
  A jackal skeleton (D:4)
  2 quokka skeletons
  9 rats
  2 fungi (Lair:2)
464 creatures vanquished.

Vanquished Creatures (collateral kills)
  The ghost of TBriggs11TB the Carver, a journeyman MiFi of Cheibriados (Lair:5)
  Snorg (Lair:5)
  A hydra (Lair:5)
  The ghost of NekoKawashu the Protected, a novice MiFi of Nemelex Xobeh (Lair:2)
  6 orc high priests (Orc:2)
  A hill giant (D:11)
  An elephant (Lair:7)
  2 spiny frogs (Lair:2)
  A torpor snail (Lair:6)
  Joseph (Lair:1)
  2 komodo dragons
  6 blink frogs
  A spriggan (Lair:3)
  10 yaks
  A hippogriff (Lair:6)
  2 wargs (Orc:2)
  6 water moccasins
  A porcupine (Lair:6)
  An orc warrior (Orc:1)
  An ogre (Orc:2)
  4 wolves
  3 crocodiles
  7 giant frogs
  A jelly (D:11)
  14 orc priests (Orc:2)
  4 orc wizards
  3 iguanas
  6 river rats
  17 orcs
  A fungus (Lair:4)
107 creatures vanquished.

Vanquished Creatures (others)
  An ogre (D:10)
  A quasit (D:7)
  An orc wizard (D:9)
  An orc (D:10)
  5 fungi
  2 plants (Lair:6)
11 creatures vanquished.

Grand Total: 582 creatures vanquished

Notes
Turn   | Place    | Note
--------------------------------------------------------------
     0 | D:1      | tyranidshit the Deep Dwarf Necromancer began the quest for the Orb.
     0 | D:1      | Reached XP level 1. HP: 15/15 MP: 3/3
    83 | D:1      | Reached skill level 1 in Fighting
   142 | D:1      | Reached XP level 2. HP: 17/25 MP: 3/5
   315 | D:1      | Reached XP level 3. HP: 29/31 MP: 0/6
   320 | D:1      | Learned a level 3 spell: Vampiric Draining
  1007 | D:2      | Reached skill level 2 in Fighting
  1015 | D:2      | Reached XP level 4. HP: 31/39 MP: 0/8
  1563 | D:3      | Reached XP level 5. HP: 39/46 MP: 3/10
  1682 | D:3      | Reached skill level 3 in Fighting
  2122 | D:4      | Found a staircase to the Ecumenical Temple.
  2131 | Temple   | Entered the Ecumenical Temple
  2173 | Temple   | Became a worshipper of Makhleb the Destroyer
  2264 | D:4      | Noticed an ogre
  2277 | D:4      | Killed an ogre
  2277 | D:4      | Reached XP level 6. HP: 32/57 MP: 0/12
  2393 | D:4      | Found an opulent altar of Gozag.
  2412 | D:4      | Found a glowing drain.
  2435 | Sewer    | Entered a sewer
  2539 | Sewer    | Reached skill level 4 in Fighting
  2643 | Sewer    | Gained mutation: Your mind is acute. (Int +2) [potion of mutation]
  2643 | Sewer    | Gained mutation: You have large cloven feet. [potion of mutation]
  2643 | Sewer    | Gained mutation: You are clumsy. (Dex -2) [potion of mutation]
  2791 | D:4      | Reached * piety under Makhleb
  3137 | D:5      | Entered Level 5 of the Dungeon
  3226 | D:5      | Reached XP level 7. HP: 33/66 MP: 0/14
  3386 | D:5      | Reached skill level 5 in Fighting
  3386 | D:5      | Reached skill level 5 in Spellcasting
  3672 | D:5      | Reached ** piety under Makhleb
  3799 | D:5      | Reached XP level 8. HP: 75/76 MP: 8/16
  3907 | D:6      | Reached skill level 6 in Fighting
  4047 | D:6      | Noticed Edmund
  4068 | D:6      | Killed Edmund
  4381 | D:6      | Reached skill level 7 in Fighting
  4445 | D:6      | Noticed Grinder
  4467 | D:6      | Killed Grinder
  4592 | D:7      | Found an iron altar of Okawaru.
  4604 | D:7      | Gained mutation: You passively map the area around you. [Deep Dwarf growth]
  4604 | D:7      | Reached XP level 9. HP: 56/86 MP: 6/19
  4683 | D:7      | Reached skill level 8 in Fighting
  4694 | D:7      | Reached *** piety under Makhleb
  4904 | D:7      | Found an ancient bone altar of Kikubaaqudgha.
  5047 | D:7      | Noticed Pikel
  5060 | D:7      | Killed Pikel
  5213 | D:7      | Reached skill level 9 in Fighting
  5415 | D:8      | Noticed a death knight
  5416 | D:8      | Noticed a skeletal warrior
  5461 | D:8      | Noticed Erica
  5591 | D:8      | Reached XP level 10. HP: 71/99 MP: 2/22
  5595 | D:8      | Noticed Erolcha
  5619 | D:8      | Found Rahicuclogg's Demolitions Depot.
  6137 | D:9      | Reached **** piety under Makhleb
  6143 | D:9      | Reached skill level 10 in Fighting
  6500 | D:10     | Entered Level 10 of the Dungeon
  6581 | D:10     | Found a portal to a secret trove of treasure.
  6631 | D:10     | Reached skill level 10 in Spellcasting
  6631 | D:10     | Noticed a reaper
  6720 | D:10     | Found Otisogg's Gadget Emporium.
  6782 | D:10     | Bought a legendary deck of wonders for 286 gold pieces
  6798 | D:10     | Learned a level 3 spell: Recall
  6803 | D:10     | Learned a level 4 spell: Animate Dead
  6920 | D:10     | Found a staircase to the Orcish Mines.
  7104 | D:10     | Noticed a hill giant
  7112 | D:10     | Killed a hill giant
  7145 | D:10     | Learned a level 4 spell: Control Undead
  7223 | D:10     | Found a basalt altar of Yredelemnul.
  7302 | D:10     | Reached skill level 1 in Evocations
  7302 | D:10     | Reached XP level 11. HP: 35/110 MP: 12/24
  7419 | D:11     | Found a staircase to the Lair.
  7427 | D:11     | Reached skill level 1 in Invocations
  7502 | D:11     | Found Tuppaiha's Food Boutique.
  7543 | Lair:1   | Entered Level 1 of the Lair of Beasts
  7604 | Lair:1   | Reached skill level 5 in Necromancy
  7639 | Lair:1   | Reached ***** piety under Makhleb
  7947 | Lair:1   | Noticed Joseph
  7958 | Lair:1   | Killed Joseph
  8167 | Lair:2   | Noticed NekoKawashu's ghost (novice MiFi)
  8188 | Lair:2   | Killed NekoKawashu's ghost
  8256 | Lair:2   | Reached skill level 5 in Invocations
  8514 | Lair:2   | Got a pitted quarterstaff
  8515 | Lair:2   | Identified the cursed +1 quarterstaff of Ashenzari's Approval {freeze, rC+ Dex+6} (You found it on level 2 of the Lair of Beasts)
  9933 | Lair:4   | HP: 3/110 [komodo dragon (21)]
 10053 | Lair:4   | Reached XP level 12. HP: 35/118 MP: 0/22
 10389 | Lair:5   | Noticed a death yak
 10401 | Lair:5   | Noticed a death yak
 10554 | Lair:5   | Noticed Snorg
 10579 | Lair:5   | Killed Snorg
 10631 | Lair:5   | Reached skill level 10 in Invocations
 10633 | Lair:5   | Noticed a five-headed hydra
 10657 | Lair:5   | Killed a five-headed hydra
 10707 | Lair:5   | Noticed TBriggs11TB's ghost (journeyman MiFi)
 10728 | Lair:5   | Killed TBriggs11TB's ghost
 10728 | Lair:5   | Reached skill level 10 in Necromancy
 10818 | Lair:4   | Noticed a four-headed hydra
 10831 | Lair:4   | Killed a four-headed hydra
 10931 | Lair:4   | HP: 2/118 [death yak (17)]
 10966 | Lair:4   | Killed a death yak
 11122 | Lair:5   | Found a hole to the Spider Nest.
 11135 | Lair:5   | Learned a level 1 spell: Beastly Appendage
 11219 | Lair:5   | Found a staircase to the Shoals.
 11381 | Lair:6   | Found a burning altar of Makhleb.
 11632 | Lair:6   | Identified a scroll of acquirement
 11634 | Lair:6   | Got a spiked plate armour
 11657 | Lair:6   | Identified the +1 plate armour of the Accordion {+Inv Str+5 Int-5 Dex+2} (You acquired it on level 6 of the Lair of Beasts)
 11730 | Lair:6   | Reached skill level 5 in Evocations
 12088 | Lair:7   | Reached skill level 5 in Dodging
 12150 | Lair:7   | Reached ****** piety under Makhleb
 12805 | Orc:1    | Entered Level 1 of the Orcish Mines
 12805 | Orc:1    | Found Tuuppu's Distillery.
 13209 | Orc:1    | Reached XP level 13. HP: 85/126 MP: 11/21
 13396 | Orc:2    | Entered Level 2 of the Orcish Mines
 13425 | Orc:2    | Found a roughly hewn altar of Beogh.
 13685 | Orc:2    | Found a staircase to the Elven Halls.
 14051 | Orc:2    | Reached skill level 11 in Fighting
 14336 | Orc:2    | Found Caal's Jewellery Shoppe.
 14336 | Orc:2    | Found Baisibb's Distillery.
 14346 | Orc:2    | Found a roughly hewn altar of Beogh.
 14433 | Orc:2    | Found Tokafiz's Jewellery Shoppe.
 14801 | Orc:2    | Bought a +5 ring of evasion for 770 gold pieces
 14801 | Orc:2    | Bought the amulet "Adanyv" {+Rage rElec rN+ MP+9} for 814 gold pieces
 14862 | Orc:2    | Gained mutation: Your spells are a little easier to cast, but a little less powerful. [a neqoxec]
 14869 | Orc:2    | Lost mutation: Your mind is acute. (Int +2) [a neqoxec]
 14872 | Orc:2    | Gained mutation: Your body sometimes deteriorates upon taking damage. [a neqoxec]
 14874 | Orc:2    | Reached skill level 12 in Fighting
 14941 | Orc:2    | Found Kell's Book Boutique.
 15428 | D:11     | Reached skill level 1 in Maces & Flails
 15450 | D:11     | Reached skill level 1 in Shields
 15649 | D:11     | Found a basalt altar of Yredelemnul.
 16149 | D:12     | Slain by a troll

Skill      XL: |  1  2  3  4  5  6  7  8  9 10 11 12 13 |
---------------+----------------------------------------+-----
Spellcasting   | 2 3 4 5 7 8 10 | 10.6
Fighting       | 1 2 3 4 5 7 9 10 12 | 12.5
Evocations     | 1 2 8 |  8.0
Invocations    | 9 10 11 | 11.2
Necromancy     | 9 10 | 10.4
Dodging        | 6 |  6.4
Maces & Flails | 2 |  2.0
Shields        | 1 |  1.3
Stealth        | |  2.4

Action                   |  1- 3 |  4- 6 |  7- 9 | 10-12 | 13-15 || total
-------------------------+-------+-------+-------+-------+-------++-------
Melee: Spear             |    77 |       |       |       |       ||    77
       Unarmed           |     1 |       |       |       |       ||     1
       Dagger            |    13 |    89 |       |       |       ||   102
       Flail             |       |    45 |       |       |       ||    45
       War axe           |       |     2 |       |       |       ||     2
       Trident           |       |    21 |   107 |       |       ||   128
       Kick              |       |     9 |     2 |       |       ||    11
       Dire flail        |       |       |   206 |   405 |       ||   611
       Quarterstaff      |       |       |       |   153 |   350 ||   503
       Mace              |       |       |       |       |    23 ||    23
 Cast: Pain              |    30 |    17 |    11 |    56 |     5 ||   119
       Vampiric Draining |     7 |    34 |    79 |   298 |   143 ||   561
       Animate Dead      |       |       |       |    42 |     9 ||    51
       Recall            |       |       |       |     4 |       ||     4
Invok: Lesser Servant of |       |       |       |    11 |     5 ||    16
       Greater Servant o |       |       |       |       |     3 ||     3
       Minor Destruction |       |       |       |       |     1 ||     1
       Major Destruction |       |       |       |       |     1 ||     1
 Abil: Stop Flying       |       |       |     1 |       |       ||     1
       Device Recharging |       |       |       |     6 |     3 ||     9
Evoke: Wand              |     1 |     5 |     3 |    58 |    20 ||    87
       Lamp of fire      |       |       |       |     1 |     1 ||     2
  Use: Scroll            |       |    12 |     6 |    21 |     2 ||    41
       Potion            |       |     9 |     3 |    12 |       ||    24
 Stab: Sleeping          |     3 |     2 |     1 |     1 |       ||     7
       Distracted        |       |       |       |     5 |       ||     5
       Confused          |       |       |       |     1 |       ||     1
  Eat: Bread ration      |     1 |     2 |     3 |     6 |     1 ||    13
       Pizza             |       |       |       |       |     6 ||     6
       Meat ration       |       |       |       |       |     1 ||     1
       Beef jerky        |       |       |       |       |     1 ||     1
Armor: Robe              |    40 |    97 |   205 |   474 |   166 ||   982
Dodge: Dodged            |   116 |   204 |   316 |   850 |   613 ||  2099
Block: Buckler           |       |       |       |       |     4 ||     4
